 Dungeon Crawl Stone Soup version 0.26-a0-652-gafc20e3620 (webtiles) character file.

Game seed: 7665272924530741528

29565 jasper the Destroyer (level 12, -6/104 HPs)
             Began as a Demigod Conjurer on Oct 4, 2020.
             Mangled by a spriggan berserker
             ... wielding a +0 hand axe
              (24 damage)
             ... on level 14 of the Dungeon.
             The game lasted 00:37:56 (20139 turns).

jasper the Destroyer (Demigod Conjurer)            Turns: 20139, Time: 00:37:57

Health: -6/104     AC: 15    Str: 12    XL:     12   Next: 84%
Magic:  4/28       EV: 17    Int: 34    God:
Gold:   318        SH:  5    Dex: 14    Spells: 3/27 levels left

rFire    . . .     SeeInvis .   u - +5 flail (protect)
rCold    . . .     Faith    .   t - +0 buckler
rNeg     . . .     Spirit   .   j - +3 leather armour {rPois}
rPois    +         Reflect  .   Z - +1 helmet
rElec    .         Harm     .   J - +1 cloak {rPois}
rCorr    .         Rampage  .   c - -1 pair of gloves
MR       +....                  C - +0 pair of boots
Stlth    ++........             (no amulet)
HPRegen  0.27/turn              n - +4 ring of protection
MPRegen  0.21/turn              U - +6 ring of intelligence

@: about to teleport
A: high mp 1
a: no special abilities


You were on level 14 of the Dungeon.
You visited 3 branches of the dungeon, and saw 17 of its levels.

You collected 1030 gold pieces.
You spent 712 gold pieces at shops.

Inventory:

Hand Weapons
 u - a +5 flail of protection (weapon)
Missiles
 F - 23 poisoned darts (quivered)
Armour
 c - a -1 pair of gloves (worn)
 j - a +3 leather armour of poison resistance (worn)
 t - a +0 buckler (worn)
 y - the +0 pair of boots "Qiskut" {rF- rC+ MR+}
   (You bought it in a shop on level 4 of the Dungeon)

   It makes you vulnerable to fire.
   It protects you from cold.
   It affects your resistance to hostile enchantments.
 C - a +0 pair of boots (worn)
 J - a +1 cloak of poison resistance (worn)
 Z - a +1 helmet (worn)
Magical Staves
 a - an uncursed staff of earth
Jewellery
 k - an uncursed ring of protection from magic
 n - a +4 ring of protection (left hand)
 w - an uncursed ring of protection from cold
 x - an uncursed ring of magical power
 S - an uncursed ring of flight
 U - a +6 ring of intelligence (right hand)
Wands
 b - a wand of iceblast (10)
 r - a wand of disintegration (21)
 D - a wand of digging (3)
 K - a wand of paralysis (10)
 L - a wand of polymorph (4)
 M - a wand of enslavement (8)
 P - a wand of flame (90)
 V - a wand of acid (10)
Scrolls
 d - 5 scrolls of remove curse
 e - 9 scrolls of teleportation
 g - 5 scrolls of enchant weapon
 o - 6 scrolls of enchant armour
 p - 5 scrolls of amnesia
 v - 3 scrolls of fear
 H - a scroll of immolation
 O - a scroll of fog
 T - 2 scrolls of magic mapping
Potions
 f - a potion of invisibility
 h - 3 potions of flight
 i - 2 potions of haste
 l - a potion of degeneration
 m - 12 potions of curing
 q - 4 potions of resistance
 s - a potion of lignification
 z - a potion of brilliance
 A - 3 potions of magic
 B - 5 potions of ambrosia
 E - a potion of might
 G - 2 potions of cancellation
 I - 2 potions of stabbing
 R - a potion of mutation
Miscellaneous
 Y - a condenser vane (1/2)


   Skills:
 + Level 9.2 Fighting
 + Level 9.5 Dodging
 - Level 1.7 Stealth
 - Level 4.0 Shields
 - Level 8.0 Spellcasting
 - Level 12.0 Conjurations
 - Level 5.0 Translocations
 * Level 3.6 Earth Magic


You had 3 spell levels left.
You knew the following spells:

 Your Spells              Type           Power        Failure   Level
a - Magic Dart            Conj           ####         1%          1
b - Searing Ray           Conj           ######       1%          2
c - Iskenderun's Mystic   Conj/Tloc      ######..     1%          4
d - Blink                 Tloc           N/A          1%          2
e - Mephitic Cloud        Conj/Pois/Air  #####...     2%          3
f - Iron Shot             Conj/Erth      ######....   26%         6
g - Statue Form           Tmut/Erth      ####.....    97%         6

Your spell library contained the following spells:

 Spells                   Type           Power        Failure   Level
 Apportation              Tloc           #####.       1%          1
 Conjure Flame            Conj/Fire      ######..     1%          3
 Dazzling Flash           Conj/Hex       ######       1%          3
 Animate Skeleton         Necr           ##....       4%          1
 Corona                   Hex            ##.....      4%          1
 Summon Small Mammal      Summ           ##..         4%          1
 Call Imp                 Summ           ##......     6%          2
 Slow                     Hex            ##......     6%          2
 Call Canine Familiar     Summ           ##......     12%         3
 Summon Guardian Golem    Hex/Summ       ##......     12%         3
 Fulminant Prism          Conj/Hex       ######....   3%          4
 Bolt of Magma            Conj/Fire/Erth #####.....   14%         5
 Leda's Liquefaction      Hex/Erth       ####......   21%         4
 Summon Ice Beast         Ice/Summ       ##......     38%         4
 Summon Lightning Spire   Summ/Air       ##......     38%         4
 Shatter                  Erth           #####.....   100%        9


Dungeon Overview and Level Annotations

Branches:
Dungeon (12/15)            Temple (0/1) D:4            Lair (3/6) D:8
    Orc (1/2) D:10
  Swamp: Lair:2-4    Shoals: Lair:2-4     Snake: Lair:2-4    Spider: Lair:2-4

Shops:
D:4 [   D:5 !

Annotations:
Orc:1 Harold


Innate Abilities, Weirdness & Mutations

You have an increased reservoir of magic. (+10% MP)


Message History

The spriggan berserker hits you but does no damage.
Casting: Searing Ray (safe; 1% risk of failure)
Confirm with . or Enter, or press ? or * to list all spells.
You erupt in a blast of force!
The mystic blast hits the spriggan berserker.
The spriggan berserker is lightly wounded.
The spriggan berserker is knocked back by the mystic blast.
The spriggan berserker slams into the rock wall!
The spriggan berserker hits you with a +0 hand axe!!
* * * LOW HITPOINT WARNING * * *
Unknown command.
You feel much better.
The spriggan berserker hits you with a +0 hand axe. x2
As you read the scroll of teleportation, it crumbles to dust.
You feel strangely unstable.
The spriggan berserker hits you with a +0 hand axe!!
* * * LOW HITPOINT WARNING * * *
You feel better.
The spriggan berserker hits you with a +0 hand axe!!
You die...

## #.# #.# #.#
#.# #.#### #.#@#
#i## #. ##.# +
#. #i# ..##..
#.# ...YYY #.#
.....Y# #.#
..#..i.## #.#
........######.#


You could see a spriggan berserker (berserk, regenerating, resisting magic).

Vanquished Creatures
  A hydra (Lair:1)
  A two-headed ogre (D:11)
  2 spriggan berserkers (D:14)
  An unseen horror (D:12)
  An orc knight (D:10)
  Pikel (D:7)
  The ghost of ziggurnaut the Firebug, a novice HOFE of the Shining One (D:6)
  An ugly thing (D:12)
  A cyclops (D:11)
  A manticore (D:12)
  Joseph (D:7)
  A centaur skeleton (D:9)
  4 cane toads
  A rime drake (Lair:1)
  4 komodo dragons
  2 kobold demonologists
  A hornet (D:12)
  3 blink frogs
  2 trolls
  Grinder (D:4)
  4 hippogriffs
  4 slime creatures (D:12)
  A shadow (D:11)
  49 yaks
  2 wyverns
  2 basilisks
  6 vampire mosquitoes
  Edmund (D:4)
  7 water moccasins
  3 porcupines
  3 black bears
  7 orc warriors
  3 ice beasts
  3 sky beasts
  2 necrophages
  An eye of draining (D:11)
  5 ogres
  9 wolves
  3 crocodiles
  5 centaurs
  A lemure (D:7)
  Blork the orc (D:5)
  13 bullfrogs
  10 big kobolds (D:6)
  4 scorpions
  5 killer bees (D:12)
  21 wights
  6 howler monkeys
  An electric eel (D:11)
  5 bullfrog zombies
  A centaur zombie (D:7)
  6 hounds
  5 orc priests
  A gnoll shaman (D:8)
  3 jellies
  4 bullfrog skeletons
  Ijyb (D:4)
  2 iguanas
  5 worker ants
  11 orc wizards
  2 hound skeletons
  2 worker ant zombies
  6 gnolls
  13 adders
  2 shadow imps (D:8)
  2 white imps
  An ooze (D:3)
  2 worms
  2 dart slugs
  6 leopard geckos
  40 orcs
  3 giant cockroaches
  5 goblins
  8 hobgoblins
  16 jackals
  5 quokkas
  2 ball pythons
  8 bats
  2 frilled lizards
  3 kobolds
  2 quokka skeletons
  A quokka zombie (D:6)
  6 rats
396 creatures vanquished.

Vanquished Creatures (others)
  8 fungi
  5 plants
13 creatures vanquished.

Grand Total: 409 creatures vanquished

Notes
Turn   | Place    | Note
-------+----------+-------------------------------------------
     0 | D:1      | jasper the Demigod Conjurer began the quest for the Orb.
     0 | D:1      | Reached XP level 1. HP: 14/14 MP: 5/5
   464 | D:1      | Reached XP level 2. HP: 22/22 MP: 1/7
   468 | D:1      | Learned a level 2 spell: Searing Ray
   763 | D:1      | Reached skill level 4 in Conjurations
  1274 | D:2      | Found an ancient bone altar of Kikubaaqudgha.
  1347 | D:2      | Reached skill level 1 in Fighting
  1683 | D:2      | Found a stormy altar of Qazlal.
  2245 | D:3      | Reached XP level 3. HP: 28/28 MP: 4/8
  2730 | D:3      | Noticed a bullfrog
  2738 | D:3      | Killed a bullfrog
  2738 | D:3      | Reached skill level 1 in Shields
  2738 | D:3      | Reached XP level 4. HP: 8/35 MP: 1/10
  2980 | D:3      | Learned a level 4 spell: Iskenderun's Mystic Blast
  3150 | D:3      | Reached XP level 5. HP: 40/40 MP: 6/11
  3209 | D:3      | Reached skill level 5 in Conjurations
  3592 | D:4      | Found Inox's Antique Armour Shop.
  3636 | D:4      | Reached XP level 6. HP: 47/47 MP: 8/13
  3826 | D:4      | Found an opulent altar of Gozag.
  3827 | D:4      | Found a sparkling altar of Nemelex Xobeh.
  3865 | D:4      | Noticed Grinder
  3883 | D:4      | Killed Grinder
  3883 | D:4      | Reached skill level 6 in Conjurations
  4015 | D:4      | Noticed Ijyb
  4019 | D:4      | Killed Ijyb
  4144 | D:4      | Found a glowing silver altar of Zin.
  4145 | D:4      | Noticed an angel
  4184 | D:4      | Noticed Edmund
  4198 | D:4      | Killed Edmund
  4198 | D:4      | Reached XP level 7. HP: 50/52 MP: 12/15
  4434 | D:4      | Found a staircase to the Ecumenical Temple.
  4501 | D:4      | Found a snail-covered altar of Cheibriados.
  4789 | D:5      | Entered Level 5 of the Dungeon
  5049 | D:5      | Found an iron altar of Okawaru.
  5294 | D:5      | Noticed Blork the orc
  5298 | D:5      | Killed Blork the orc
  5298 | D:5      | Reached skill level 7 in Conjurations
  5374 | D:5      | Found a white marble altar of Elyvilon.
  5445 | D:5      | Found Eraxtunew's Distillery.
  5448 | D:5      | Bought a potion of magic for 112 gold pieces
  5448 | D:5      | Bought a potion of stabbing for 56 gold pieces
  5463 | D:5      | Found a sparkling altar of Nemelex Xobeh.
  5576 | D:6      | Noticed a kobold demonologist
  5618 | D:6      | Noticed ziggurnaut's ghost (novice HOFE)
  5626 | D:6      | Found a runed translucent gate.
  5626 | D:6      | Found a runed translucent gate.
  5627 | D:6      | Found a runed translucent gate.
  6183 | D:6      | Reached XP level 8. HP: 59/59 MP: 18/18
  6265 | D:6      | Reached skill level 1 in Translocations
  6521 | D:7      | Reached skill level 8 in Conjurations
  6567 | D:7      | Found a basalt altar of Yredelemnul.
  6738 | D:7      | Found a bloodstained altar of Trog.
  6738 | D:7      | Noticed Joseph
  6749 | D:7      | Paralysed by Joseph for 4 turns
  7414 | D:7      | Paralysed by Joseph for 2 turns
  7433 | D:7      | Killed Joseph
  7433 | D:7      | Reached XP level 9. HP: 54/70 MP: 19/19
  7517 | D:7      | Reached skill level 9 in Conjurations
  7732 | D:7      | Noticed Pikel
  8112 | D:7      | Killed Pikel
  8755 | D:8      | You fall into a shaft and drop 1 floor!
  8781 | D:9      | Reached skill level 10 in Conjurations
  9052 | D:9      | Reached skill level 5 in Fighting
  9265 | D:9      | Reached XP level 10. HP: 81/81 MP: 20/20
  9347 | D:9      | Reached skill level 5 in Translocations
  9614 | D:8      | Found a staircase to the Lair.
  9895 | D:8      | Found a broken altar of Ashenzari.
 10017 | Lair:1   | Entered Level 1 of the Lair of Beasts
 10442 | D:10     | Entered Level 10 of the Dungeon
 10442 | D:10     | Found a staircase to the Orcish Mines.
 10756 | D:9      | Learned a level 2 spell: Blink
 10760 | D:9      | Learned a level 3 spell: Mephitic Cloud
 10793 | D:10     | Reached skill level 5 in Spellcasting
 10913 | D:10     | Reached skill level 11 in Conjurations
 12048 | D:11     | Noticed a two-headed ogre
 12058 | D:11     | Killed a two-headed ogre
 12266 | D:11     | Reached XP level 11. HP: 74/91 MP: 23/23
 13039 | D:11     | Found a blossoming altar of Fedhas.
 13351 | D:4      | Bought a pair of warped boots for 304 gold pieces
 13361 | D:4      | Identified the cursed +0 pair of boots "Qiskut" {rF- rC+
                  | MR+} (You bought it in a shop on level 4 of the Dungeon)
 13888 | Lair:1   | Reached skill level 12 in Conjurations
 14065 | Lair:1   | Noticed a five-headed hydra
 14078 | Lair:1   | Killed a five-headed hydra
 14078 | Lair:1   | Reached skill level 5 in Dodging
 16219 | Lair:2   | Reached XP level 12. HP: 42/101 MP: 14/26
 17239 | Lair:3   | Noticed a six-headed hydra
 17243 | Lair:3   | Noticed an eight-headed hydra
 17777 | Orc:1    | Entered Level 1 of the Orcish Mines
 17777 | Orc:1    | Noticed Harold
 18396 | D:4      | Bought a glowing cloak for 240 gold pieces
 18451 | D:6      | Killed ziggurnaut's ghost
 19274 | D:12     | Learned a level 6 spell: Iron Shot
 19281 | D:12     | Learned a level 6 spell: Statue Form
 19624 | D:12     | Reached skill level 1 in Earth Magic
 20089 | D:12     | You fall into a shaft and drop 2 floors!
 20139 | D:14     | Mangled by a spriggan berserker

Illustrated notes

Levels and vault maps discovered:
D:1:      erik_arrival_triangle_medium, layout_basic,
          chequers_serial_rivers_micro_e
D:2:      layout_basic, kiku_gazebo_garden_becter, serial_curves,
          eino_curves_04, eino_curves_02, grunt_qazlal_sundering
D:3:      layout_basic
D:4:      layout_loops_ring, grunt_temple_overflow_opulence,
          lemuel_crystal_altar, zin_angel, minmay_temple_entry_enclosed_plants,
          serial_shops, nicolae_shop_statue_plus, uniq_edmund, uniq_grinder,
          uniq_ijyb
D:5:      layout_basic, okawaru_metal_pillars_1_2, elyvilon_altar_1,
          serial_shops, kennysheep_mini_moat, nemelex_xobeh_ov_fountains_minmay,
          uniq_blork_the_orc
D:6:      layout_basic, gammafunk_ghost_nasty_kobolds
D:7:      layout_rooms, bloody_trog, yredelemnul_altar_generic, uniq_joseph,
          uniq_pikel
D:8:      layout_gridville, lemuel_coloured_pillars_altar, lair_entry_dummy,
          serial_bayou_pond_e, lemuel_flamethrower_2
D:9:      layout_rooms
D:10:     layout_cross
D:11:     layout_roguey, kennysheep_cross_bottleneck, dk_noncrumbling_3,
          fedhas_altar_fruit_tree
D:12:     layout_gridville, jmf_multi_god_temple, uniq_maurice
D:14:     layout_gridville, david_vaults_1, chequers_serial_rivers_micro_d,
          minmay_guarded_unrand_wrath_of_trog
Lair:1:   layout_gridlike, st_stairs_7, chequers_serial_rivers_marsh
Lair:2:   layout_roguey, chequers_serial_rivers_small_3
Lair:3:   layout_hall_layers, palyth_hydra_swamp_entry, grunt_megastairs_1
Orc:1:    layout_caves, gammafunk_ghost_smash, uniq_harold

Skill      XL: |  1  2  3  4  5  6  7  8  9 10 11 12 |
---------------+-------------------------------------+-----
Spellcasting   | 2 3 4 5 7 8 |  8.0
Conjurations   | 4 5 6 7 8 10 11 12 | 12.0
Fighting       | 1 3 5 6 8 9 |  9.2
Shields        | 1 2 3 4 |  4.0
Translocations | 3 4 5 |  5.0
Dodging        | 4 7 9 |  9.5
Earth Magic    | 3 |  3.6
Stealth        | |  1.7

Action                   |  1- 3 |  4- 6 |  7- 9 | 10-12 || total
-------------------------+-------+-------+-------+-------++-------
Melee: Unarmed           |     4 |       |       |       ||     4
       Rapier            |    17 |    13 |       |       ||    30
       Flail             |       |       |    71 |    70 ||   141
Throw: Throwing net      |       |     2 |       |       ||     2
       Dart              |       |       |    20 |     7 ||    27
 Cast: Magic Dart        |    71 |    17 |    74 |   141 ||   303
       Searing Ray       |     6 |    17 |    65 |   160 ||   248
       Iskenderun's Myst |       |       |       |    40 ||    40
       Mephitic Cloud    |       |       |       |     1 ||     1
Evoke: Wand              |       |       |       |     5 ||     5
       Condenser vane    |       |       |       |     1 ||     1
  Use: Scroll            |       |     1 |       |    29 ||    30
       Potion            |       |       |       |     4 ||     4
 Stab: Sleeping          |       |     2 |       |     1 ||     3
Armor: Robe              |     1 |       |       |       ||     1
       Leather armour    |     8 |    18 |    62 |   119 ||   207
Dodge: Dodged            |    18 |    28 |    88 |   266 ||   400
Block: Buckler           |     2 |    13 |    33 |    91 ||   139

Table legend: (Time is in decaauts)
 A = Elapsed time spent in this place.
 B = Non-inter-level travel time spent in this place.
 C = Inter-level travel time spent in this place.
 D = Time resting spent in this place.
 E = Time spent auto-exploring this place.
 F = Levels seen in this place.
 G = Mean time per level.
                   A        B        C        D        E       F      G
               +--------+--------+--------+--------+--------+-----+--------+
         Total |  20230 |  19087 |   1143 |   4131 |  12318 |  17 | 1190.0 |
       Dungeon |  15924 |  14882 |   1042 |   3463 |   9341 |  13 | 1224.9 |
          Lair |   4294 |   4193 |    101 |    668 |   2976 |   3 | 1431.3 |
  Orcish Mines |     12 |     12 |      0 |      0 |      0 |   1 |   12.0 |
               +--------+--------+--------+--------+--------+-----+--------+

Top non-repeatable levels by time:
  Lair:1: 1791 daAuts
  Lair:2: 1728 daAuts
     D:9: 1699 daAuts
     D:7: 1642 daAuts
     D:6: 1568 daAuts
     D:3: 1455 daAuts
    D:11: 1440 daAuts
     D:4: 1368 daAuts
    D:10: 1346 daAuts
    D:12: 1294 daAuts
     D:1: 1201 daAuts
     D:8: 1140 daAuts
     D:2: 897 daAuts
     D:5: 819 daAuts
  Lair:3: 774 daAuts
